 Dungeon Crawl Stone Soup version 0.29.1-15-g9cfb28693d (webtiles) character file.

Game seed: 4500077100372425263

131 javelincjr the Conjurer (level 5, -2/37 HPs)
             Began as a Gnoll Conjurer on Apr 9, 2023.
             Was a Follower of Uskayaw.
             Slain by a gnoll
             ... wielding a +0 club
             ... led by a gnoll bouda
              (3 damage)
             ... on level 4 of the Dungeon.
             The game lasted 00:05:29 (2755 turns).

javelincjr the Conjurer (Gnoll Conjurer)            Turns: 2755, Time: 00:05:30

Health: -2/37      AC:  5    Str:  8    XL:     5   Next: 14%
Magic:  1/12       EV: 10    Int: 18    God:    Uskayaw [*.....]
Gold:   118        SH:  0    Dex: 10    Spells: 11/14 levels left

rFire   . . .      SeeInvis .   d - +0 dagger (flame)
rCold   . . .      Faith    .   (no shield)
rNeg    . . .      Spirit   .   i - +0 ring mail
rPois   .          Reflect  .   (no helmet)
rElec   .          Harm     .   (no cloak)
rCorr   .          Rampage  .   (no gloves)
Will    .....                   (no boots)
Stlth   ++........              (no amulet)
HPRegen 0.12/turn               g - +4 ring of slaying
MPRegen 0.13/turn               (no ring)

@: weakened
A: fangs 1, strong nose, distributed training
a: Renounce Religion, Stomp


You were on level 4 of the Dungeon.
You worshipped Uskayaw.
Uskayaw was noncommittal.
You visited 1 branch of the dungeon, and saw 4 of its levels.

You collected 118 gold pieces.

Inventory:

Hand Weapons
 d - a +0 dagger of flaming (weapon)
 h - a +0 hand axe
Missiles
 w - a throwing net
Armour
 a - a +0 robe
 i - a +0 ring mail (worn)
 q - a +0 pair of gloves
Magical Staves
 k - a staff of fire
Jewellery
 g - a +4 ring of slaying (left hand)
Scrolls
 c - 3 scrolls of enchant armour {unknown}
 f - 2 scrolls of vulnerability {unknown}
 n - 2 scrolls of identify {unknown}
 r - a scroll of butterflies {unknown}
 s - a scroll of fear {unknown}
 t - 2 scrolls of blinking {unknown}
 u - a scroll of teleportation {unknown}
Potions
 b - a potion of magic
 e - 2 potions of curing {unknown}
 j - a potion of flight {unknown}
 l - a potion of might {unknown}
 m - 2 potions of haste {unknown}
 o - a potion of cancellation {unknown}
 p - a potion of ambrosia {unknown}
 v - 2 potions of mutation {unknown}


   Skills:
 + Level 1.4 Fighting
 + Level 1.4 Short Blades
 + Level 1.4 Long Blades
 + Level 1.4 Axes
 + Level 1.4 Maces & Flails
 + Level 1.4 Polearms
 + Level 1.4 Staves
 + Level 1.4 Ranged Weapons
 + Level 1.4 Throwing
 + Level 1.4 Armour
 + Level 4.7 Dodging
 + Level 4.4 Stealth
 + Level 1.4 Shields
 + Level 1.4 Unarmed Combat
 + Level 5.2 Spellcasting
 + Level 7.2 Conjurations
 + Level 1.1 Hexes
 + Level 1.1 Summonings
 + Level 1.1 Necromancy
 + Level 1.1 Translocations
 + Level 1.1 Transmutations
 + Level 1.1 Fire Magic
 + Level 1.1 Ice Magic
 + Level 1.1 Air Magic
 + Level 1.1 Earth Magic
 + Level 1.1 Poison Magic
 + Level 1.6 Invocations
 + Level 1.4 Evocations


You had 11 spell levels left.
You knew the following spells:

 Your Spells              Type           Power      Damage    Failure   Level
a - Magic Dart            Conj           100%       1d8       1%          1
b - Searing Ray           Conj           60%        2d6       3%          2

Your spell library contained the following spells:

 Spells                   Type           Power      Damage    Failure   Level
 Dazzling Flash           Conj/Hex       38%        N/A       22%         3
 Fulminant Prism          Conj/Hex       9%         3d7       56%         4
 Iskenderun's Mystic Bla  Conj/Tloc      19%        2d6       56%         4
 Gell's Gravitas          Tloc           8%         N/A       58%         3
 Lesser Beckoning         Tloc           8%         N/A       58%         3
 Teleport Other           Tloc           8%         N/A       58%         3


Dungeon Overview and Level Annotations

Branches:
Dungeon (4/15)
 Temple: D:4-7

Altars:
Uskayaw
The Shining One


Innate Abilities, Weirdness & Mutations

You have very sharp teeth.
Your uncanny sense of smell can sniff out nearby items.
Your experience applies equally to all skills.


Message History

You have reached level 5!
A gnoll comes into view. It is wielding a +0 halberd.
The gnoll hits you with a +0 flail!
The gnoll bouda gazes fiercely through you!
You feel as though you will be weak longer.
The gnoll closely misses you. The gnoll hits you with a +0 club.
The gnoll hits you with a +0 flail! The gnoll attacks as you move away!
The gnoll completely misses you. The gnoll barely misses you.
The gnoll closely misses you. x2
Found 9 gold pieces.
The gnoll closely misses you. The gnoll barely misses you.
The gnoll hits you with a +0 halberd.
The gnoll bouda hits you with a +0 whip.
* * * LOW HITPOINT WARNING * * *
Aiming: Line Pass
Press: ? - help, Dir - move target The gnoll appears confused. x2
You can no longer pass through a line of other dancers.
The gnoll hits you with a +0 flail.
* * * LOW HITPOINT WARNING * * *
The gnoll barely misses you. The gnoll closely misses you.
You stomp with the beat, sending a shockwave through the revellers around you!
The gnoll is heavily wounded.
The gnoll is moderately wounded.
The gnoll is heavily wounded.
You can no longer stomp with the beat.
The gnoll hits the gnoll with a +0 halberd!!
The gnoll is killed!
The gnoll hits you with a +0 club.
* * * LOW HITPOINT WARNING * * *
The gnoll hits you with a +0 flail.
* * * LOW HITPOINT WARNING * * *
The gnoll bouda gazes fiercely through you!
You feel as though you will be weak longer.
You can now stomp with the beat.
You hit the gnoll bouda. You burn the gnoll bouda.
You bite the gnoll bouda, but do no damage.
The gnoll bouda is moderately wounded.
The gnoll seems less confused.
The gnoll hits you but does no damage. The gnoll closely misses you.
The gnoll hits you with a +0 club.
You die...

#########
#.......#
#.....<.#
#.<.....#
#.@.....##
#ggg.......
#g.g.......
#..........
#..........
##.........
#.........
#.........
..#......


You could see a gnoll bouda and 4 gnolls.

Vanquished Creatures
  A hound (D:4)
  Natasha (D:3)
  A gnoll (D:4)
  A worm (D:3)
  A dart slug (D:1)
  An orc (D:3)
  4 bats
  4 endoplasms
  A giant cockroach (D:1)
  8 goblins
  10 hobgoblins
  5 jackals
  3 quokkas
  3 ball pythons (D:2)
  5 kobolds
  5 rats
54 creatures vanquished.

Notes
Turn   | Place    | Note
-------+----------+-------------------------------------------
     0 | D:1      | javelincjr the Gnoll Conjurer began the quest for the Orb.
     0 | D:1      | Reached XP level 1. HP: 13/13 MP: 6/6
   208 | D:1      | Reached XP level 2. HP: 13/19 MP: 7/7
   447 | D:1      | Learned a level 2 spell: Searing Ray
  1128 | D:2      | Reached skill level 5 in Spellcasting
  1128 | D:2      | Reached XP level 3. HP: 25/25 MP: 6/9
  1263 | D:2      | Found a faded altar of an unknown god.
  1275 | D:2      | Prayed at the altar of an unknown god.
  1275 | D:2      | Became a worshipper of Uskayaw the Reveller
  1275 | D:2      | Reached * piety under Uskayaw
  1339 | D:2      | Reached skill level 1 in Invocations
  1573 | D:2      | Reached skill level 1 in Fighting
  1573 | D:2      | Reached skill level 1 in Short Blades
  1573 | D:2      | Reached skill level 1 in Long Blades
  1573 | D:2      | Reached skill level 1 in Axes
  1573 | D:2      | Reached skill level 1 in Maces & Flails
  1573 | D:2      | Reached skill level 1 in Polearms
  1573 | D:2      | Reached skill level 1 in Staves
  1573 | D:2      | Reached skill level 1 in Ranged Weapons
  1573 | D:2      | Reached skill level 1 in Throwing
  1573 | D:2      | Reached skill level 1 in Armour
  1573 | D:2      | Reached skill level 1 in Shields
  1573 | D:2      | Reached skill level 1 in Unarmed Combat
  1573 | D:2      | Reached skill level 1 in Evocations
  1929 | D:3      | Found a glowing golden altar of the Shining One.
  1949 | D:3      | Reached XP level 4. HP: 32/32 MP: 1/11
  2545 | D:3      | Noticed Natasha
  2547 | D:3      | Reached ** piety under Uskayaw
  2548 | D:3      | Killed Natasha
  2549 | D:3      | Reached skill level 1 in Hexes
  2549 | D:3      | Reached skill level 1 in Summonings
  2549 | D:3      | Reached skill level 1 in Necromancy
  2549 | D:3      | Reached skill level 1 in Translocations
  2549 | D:3      | Reached skill level 1 in Transmutations
  2549 | D:3      | Reached skill level 1 in Fire Magic
  2549 | D:3      | Reached skill level 1 in Ice Magic
  2549 | D:3      | Reached skill level 1 in Air Magic
  2549 | D:3      | Reached skill level 1 in Earth Magic
  2549 | D:3      | Reached skill level 1 in Poison Magic
  2749 | D:4      | Reached XP level 5. HP: 37/37 MP: 7/12
  2754 | D:4      | HP: 1/37 [gnoll/+0 flail[a gnoll bouda] (1)]
  2755 | D:4      | Slain by a gnoll

Illustrated notes

Levels and vault maps discovered:
D:1:      psy_arrival_whirlpool, layout_basic
D:2:      layout_rooms, hellmonk_ecumenical_altar_prayer_group
D:3:      layout_basic, tso_metal_star, uniq_natasha
D:4:      layout_rooms, okawaru_metal_pillars_1_2,
          mainiacjoe_overflow_surrounded_room, minmay_temple_entry_wispy,
          ebering_ghost_rock_garden, kennysheep_path_1, st_stairs_7,
          dk_vineyard_3

Skill      XL: |  1  2  3  4 |
---------------+-------------+-----
Spellcasting   | 5 |  5.2
Invocations    | 1 |  1.6
Fighting       | 1 |  1.4
Short Blades   | 1 |  1.4
Long Blades    | 1 |  1.4
Axes           | 1 |  1.4
Maces & Flails | 1 |  1.4
Polearms       | 1 |  1.4
Staves         | 1 |  1.4
Ranged Weapons | 1 |  1.4
Throwing       | 1 |  1.4
Armour         | 1 |  1.4
Shields        | 1 |  1.4
Unarmed Combat | 1 |  1.4
Evocations     | 1 |  1.4
Hexes          | 1 |  1.1
Summonings     | 1 |  1.1
Necromancy     | 1 |  1.1
Translocations | 1 |  1.1
Transmutations | 1 |  1.1
Fire Magic     | 1 |  1.1
Ice Magic      | 1 |  1.1
Air Magic      | 1 |  1.1
Earth Magic    | 1 |  1.1
Poison Magic   | 1 |  1.1
Dodging        | |  4.7
Stealth        | |  4.4
Conjurations   | |  7.2

Action                   |  1- 3 |  4- 6 || total
-------------------------+-------+-------++-------
Melee: Dagger            |    19 |     1 ||    20
       Bite              |     2 |     1 ||     3
 Cast: Magic Dart        |    64 |    18 ||    82
Invok: Stomp             |     1 |     1 ||     2
       Line Pass         |       |     1 ||     1
Armor: Robe              |     1 |       ||     1
       Ring mail         |     5 |     1 ||     6
Dodge: Dodged            |    10 |    10 ||    20
